[Event "Ste-Foy 3 2024-25"]
[Site "Sainte-Foy CAN"]
[Date "2025.02.10"]
[Round "5"]
[White "Vallee, Maxime"]
[Black "Cantin, Guillaume"]
[Result "1/2-1/2"]
[ECO "C00"]
[WhiteElo "1276"]
[BlackElo "1109"]
[WhiteFideId "-1"]
[WhiteFideId "-1"]
[PlyCount "57"]
[GameId "2144880208088284"]
[EventDate "2025.01.13"]
[EventType "swiss"]
[EventRounds "5"]
[EventCountry "CAN"]
[TimeControl "5400+30"]

1. e4 e6 2. Nc3 d5 3. exd5 exd5 4. Qe2+ Be7 5. d3 Nf6 6. Bg5 O-O 7. O-O-O Re8 8. Qf3 Bg4 9. Qg3 Bxd1 10. Kxd1 Bd6 11. f4 Bc5 12. Bxf6 Qxf6 13. Nxd5 Qd6 14. Nc3 a6 15. Qf3 Nc6 16. Nge2 Rad8 17. Ne4 Qe7 18. Nxc5 Qxc5 19. g4 Qe3 20. Bg2 Qxf3 21. Bxf3 Kf8 22. Bxc6 bxc6 23. Nc3 Rb8 24. b3 Red8 25. Na4 Rd4 26. Nc5 Ke7 27. Re1+ Kd6 28. Ne4+ Kd7 29. Kd2 1/2-1/2

[Event "Ste-Foy 3 2024-25"]
[Site "Sainte-Foy CAN"]
[Date "2025.03.10"]
[Round "5"]
[White "Breton, Sylvain"]
[Black "Pepin, Pierre-Luc"]
[Result "1-0"]
[ECO "D35"]
[WhiteElo "1255"]
[BlackElo "1138"]
[WhiteFideId "-1"]
[WhiteFideId "-1"]
[PlyCount "35"]
[GameId "2144880208088283"]
[EventDate "2025.01.13"]
[EventType "swiss"]
[EventRounds "5"]
[EventCountry "CAN"]
[TimeControl "5400+30"]

1. d4 d5 2. c4 e6 3. Nc3 Nf6 4. Bg5 Be7 5. e3 Nbd7 6. Nf3 c6 7. cxd5 exd5 8. Be2 b6 9. h3 Bd6 10. O-O Bb7 11. e4 dxe4 12. Nxe4 Be7 13. Ng3 g6 14. Bh6 Nd5 15. Re1 f6 16. Bc4 Kf7 17. Qe2 Re8 18. Qe6# 1-0

[Event "Ste-Foy 3 2024-25"]
[Site "Sainte-Foy CAN"]
[Date "2025.03.10"]
[Round "5"]
[White "Dionne, Frederick"]
[Black "Renzo, Alain"]
[Result "1-0"]
[ECO "C00"]
[WhiteElo "1241"]
[BlackElo "1272"]
[WhiteFideId "-1"]
[WhiteFideId "-1"]
[PlyCount "69"]
[GameId "2144880208088285"]
[EventDate "2025.01.13"]
[EventType "swiss"]
[EventRounds "5"]
[EventCountry "CAN"]
[TimeControl "5400+30"]

1. e4 e6 2. b3 d5 3. Bb2 dxe4 4. Nc3 Nf6 5. Qe2 Bd7 6. Nxe4 Be7 7. O-O-O O-O 8. Nf3 a6 9. Ne5 Bb5 10. c4 Bc6 11. Nxf6+ Bxf6 12. Qh5 Nd7 13. f4 g6 14. Qh3 Be4 15. d3 Bc6 16. Kb1 Nxe5 17. fxe5 Bg5 18. Be2 b5 19. Qg4 Qe7 20. h4 h5 21. Qg3 Bh6 22. Bxh5 Kh7 23. Bf3 Bxf3 24. Qxf3 bxc4 25. dxc4 Rad8 26. Rxd8 Rxd8 27. g4 Bg7 28. Rf1 Rf8 29. g5 Qc5 30. Qe2 Kg8 31. h5 gxh5 32. Qxh5 Bxe5 33. g6 fxg6 34. Qxg6+ Kh8 35. Rh1# 1-0

[Event "Ste-Foy 4 2024-25"]
[Site "Sainte-Foy CAN"]
[Date "2025.02.24"]
[Round "1"]
[White "Blais, Pierre-Luc"]
[Black "Soubeyrand, Maxence"]
[Result "1-0"]
[ECO "D91"]
[WhiteElo "1439"]
[BlackElo "1063"]
[WhiteFideId "-1"]
[WhiteFideId "-1"]
[PlyCount "131"]
[GameId "2149659239907436"]
[EventDate "2025.02.24"]
[EventType "swiss"]
[EventRounds "5"]
[EventCountry "CAN"]
[TimeControl "5400+30"]

1. d4 d5 2. c4 c6 3. Nc3 Nf6 4. Bg5 Nbd7 5. Nf3 g6 6. e3 Bg7 7. Qb3 Qb6 8. Qc2 O-O 9. cxd5 Nxd5 10. Nxd5 cxd5 11. Be2 e5 12. Rd1 exd4 13. Nxd4 Nf6 14. O-O Ne4 15. Bf4 Be6 16. f3 Rac8 17. Qb1 Nf6 18. Bg3 Rfe8 19. Rc1 Nh5 20. Bf2 Bxd4 21. exd4 Bf5 22. Bd3 Bxd3 23. Qxd3 Rxc1 24. Rxc1 Qxb2 25. Qb1 Re2 26. Qxb2 Rxb2 27. Be3 Rxa2 28. Bh6 f5 29. g4 fxg4 30. fxg4 Nf6 31. Rf1 Kf7 32. g5 Ra6 33. gxf6 Rxf6 34. Rc1 Rc6 35. Rb1 b6 36. Bf4 Rc4 37. Be5 Ke6 38. Rf1 a5 39. Rf6+ Kd7 40. Rxb6 a4 41. Rd6+ Kc7 42. Rxd5+ Kc6 43. Ra5 Kb6 44. Ra8 Kb7 45. Rf8 a3 46. Rf7+ Kc6 47. Rxh7 Ra4 48. Rc7+ Kd5 49. Rc1 a2 50. Ra1 Kc4 51. Kg2 Ra3 52. Kf2 g5 53. Ke2 Kd5 54. Kd2 Ke4 55. Kc2 g4 56. Kb2 Ra4 57. Rxa2 Rxa2+ 58. Kxa2 Kd5 59. Kb3 Ke6 60. Kc4 Kf5 61. Kc5 Ke6 62. Kc6 Ke7 63. d5 Kd8 64. Bf6+ Ke8 65. d6 g3 66. d7+ 1-0

[Event "Ste-Foy 4 2024-25"]
[Site "Sainte-Foy CAN"]
[Date "2025.02.24"]
[Round "1"]
[White "Boudreault, Alexandre"]
[Black "Wafer, Jacques"]
[Result "0-1"]
[ECO "C42"]
[WhiteElo "1130"]
[BlackElo "1440"]
[WhiteFideId "-1"]
[WhiteFideId "-1"]
[PlyCount "72"]
[GameId "2149659239907437"]
[EventDate "2025.02.24"]
[EventType "swiss"]
[EventRounds "5"]
[EventCountry "CAN"]
[TimeControl "5400+30"]

1. e4 e5 2. Nf3 Nf6 3. Nxe5 Qe7 4. d4 d6 5. Nf3 Nxe4 6. Be2 Bg4 7. O-O Nd7 8. Re1 O-O-O 9. c4 Re8 10. Be3 h6 11. Nc3 Nxc3 12. bxc3 g5 13. a4 Bg7 14. Rb1 f5 15. Qb3 b6 16. a5 f4 17. Bd2 Qd8 18. Qb5 Nf6 19. Bd3 Bd7 20. Qa6+ Kb8 21. axb6 cxb6 22. c5 Bc8 23. Qa3 dxc5 24. Ne5 Bb7 25. Nf7 Qd5 26. f3 Qxf7 27. dxc5 Bf8 28. Qb2 Bxc5+ 29. Kh1 Qd5 30. Bb5 Rxe1+ 31. Rxe1 Ng4 32. h3 Nf2+ 33. Kh2 Rd8 34. Re2 Nd3 35. Bxd3 Qxd3 36. c4 Bd4 0-1

[Event "Ste-Foy 4 2024-25"]
[Site "Sainte-Foy CAN"]
[Date "2025.02.24"]
[Round "1"]
[White "Breton, Sylvain"]
[Black "Lescarbeau, Martin"]
[Result "0-1"]
[ECO "D08"]
[WhiteElo "1247"]
[BlackElo "1719"]
[WhiteFideId "-1"]
[WhiteFideId "-1"]
[PlyCount "150"]
[GameId "2149659239972975"]
[EventDate "2025.02.24"]
[EventType "swiss"]
[EventRounds "5"]
[EventCountry "CAN"]
[TimeControl "5400+30"]

1. d4 d5 2. c4 e5 3. dxe5 d4 4. a3 Nc6 5. Nf3 Be6 6. e3 Qd7 7. exd4 O-O-O 8. d5 Bg4 9. Nbd2 Nxe5 10. Nxe5 Re8 11. Ndf3 Bxf3 12. Qxf3 Rxe5+ 13. Be2 Qe8 14. Bf4 Re4 15. Rc1 g6 16. Rc2 Bh6 17. Qh3+ Qd7 18. Qxd7+ Kxd7 19. Bxh6 Nxh6 20. O-O Rhe8 21. Bf3 R4e5 22. h3 Nf5 23. Bg4 Kd6 24. Bxf5 Rxf5 25. Rc3 Rfe5 26. b4 b5 27. f4 Re3 28. c5+ Kxd5 29. Rd1+ Kc6 30. Rcd3 f5 31. Kf2 Re2+ 32. Kf3 R8e4 33. R1d2 Re1 34. g3 Rc1 35. Kg2 a5 36. Rd7 axb4 37. axb4 Rxb4 38. Rxh7 Rxc5 39. Rg7 Rd5 40. Rxg6+ Kc5 41. Rc2+ Rc4 42. Rb2 Rcd4 43. Kf3 Rd2 44. Rxd2 Rxd2 45. h4 b4 46. Ke3 Rd5 47. Rg7 c6 48. Rb7 Kc4 49. h5 Rd6 50. Kf3 Rd3+ 51. Kg2 b3 52. h6 Rd6 53. h7 Rh6 54. Kf3 Kc3 55. Rb6 Rxh7 56. Rxc6+ Kd2 57. Rd6+ Kc1 58. Rc6+ Kb1 59. Ke3 Rh2 60. Rc3 b2 61. Kd4 Rc2 62. Rb3 Ka2 63. Rxb2+ Kxb2 64. Ke5 Rc5+ 65. Kf6 Kc3 66. Kg5 Kd4 67. g4 Ke4 68. gxf5 Rxf5+ 69. Kg6 Rxf4 70. Kg5 Ke5 71. Kg6 Rf3 72. Kg7 Ke6 73. Kg8 Rf7 74. Kh8 Ra7 75. Kg8 Kf6 0-1

[Event "Ste-Foy 4 2024-25"]
[Site "Sainte-Foy CAN"]
[Date "2025.02.24"]
[Round "1"]
[White "Dionne, Frederick"]
[Black "Lebel, Michel"]
[Result "1-0"]
[ECO "C00"]
[WhiteElo "1302"]
[BlackElo "1025"]
[WhiteFideId "-1"]
[WhiteFideId "-1"]
[PlyCount "55"]
[GameId "2149659239907435"]
[EventDate "2025.02.24"]
[EventType "swiss"]
[EventRounds "5"]
[EventCountry "CAN"]
[TimeControl "5400+30"]

1. e4 e6 2. b3 Nc6 3. Bb2 b6 4. Nc3 Bb7 5. d4 Nge7 6. d5 exd5 7. exd5 Nb4 8. Bc4 d6 9. a3 Na6 10. Qe2 Qc8 11. O-O-O Nc5 12. b4 Nd7 13. Nf3 Nf6 14. Rd3 g6 15. Ne4 Bh6+ 16. Kb1 O-O 17. Nxf6+ Kh8 18. Qxe7 Qf5 19. Nd7+ Kg8 20. Nxf8 Bxf8 21. Qf6 Qxf6 22. Bxf6 Bc8 23. Re1 Bd7 24. Rde3 Bg7 25. Bxg7 Kxg7 26. Re7 Rd8 27. Nd4 Ba4 28. Bb5 1-0

[Event "Ste-Foy 4 2024-25"]
[Site "Sainte-Foy CAN"]
[Date "2025.02.24"]
[Round "1"]
[White "Pepin, Pierre-Luc"]
[Black "Poitras, Marc"]
[Result "0-1"]
[ECO "B08"]
[WhiteElo "1059"]
[BlackElo "1340"]
[WhiteFideId "-1"]
[WhiteFideId "-1"]
[PlyCount "116"]
[GameId "2149659239907434"]
[EventDate "2025.02.24"]
[EventType "swiss"]
[EventRounds "5"]
[EventCountry "CAN"]
[TimeControl "5400+30"]

1. d4 d6 2. e4 Nf6 3. Nc3 g6 4. Nf3 Bg7 5. Be2 O-O 6. O-O Nc6 7. b3 e5 8. d5 Ne7 9. Bb2 c6 10. dxc6 Nxc6 11. Ba3 Qa5 12. Bb2 Rd8 13. a4 Nb4 14. Qd2 Bg4 15. Na2 Nc6 16. Qxa5 Nxa5 17. Nc3 Rac8 18. Rfd1 Nxe4 19. Nxe4 Rxc2 20. Rd2 Rdc8 21. Bd1 Rxd2 22. Nfxd2 Bxd1 23. Rxd1 Rc2 24. Bc3 Nc6 25. Nb1 d5 26. Ng5 d4 27. Ba1 d3 28. Nd2 Bh6 29. Ndf3 Bxg5 30. Nxg5 d2 31. Kf1 Na5 32. b4 Nb3 33. Bxe5 Rc6 34. a5 f6 35. Bf4 fxg5 36. Bxg5 Rc4 37. Be7 Rc2 38. Ke2 Kf7 39. Bd6 Ke6 40. Bf8 Rc8 41. Bh6 Rc4 42. Bf8 Rc1 43. Bh6 Rxd1 44. Kxd1 Kd5 45. Bf8 Kc4 46. f4 Kd3 47. Bg7 Nc1 48. g4 Ke3 49. f5 Nd3 50. Bc3 Nf2+ 51. Kc2 d1=Q+ 52. Kb2 Nd3+ 53. Ka3 gxf5 54. gxf5 Qc1+ 55. Kb3 Qb1+ 56. Ka3 Nc1 57. Ka4 a6 58. f6 Qb3# 0-1

[Event "Ste-Foy 4 2024-25"]
[Site "Sainte-Foy CAN"]
[Date "2025.02.24"]
[Round "1"]
[White "Savard, Alexandre"]
[Black "Couture, Francois"]
[Result "1-0"]
[ECO "A45"]
[WhiteElo "1779"]
[BlackElo "1268"]
[WhiteFideId "-1"]
[WhiteFideId "-1"]
[PlyCount "93"]
[GameId "2149659239972976"]
[EventDate "2025.02.24"]
[EventType "swiss"]
[EventRounds "5"]
[EventCountry "CAN"]
[TimeControl "5400+30"]

1. d4 Nf6 2. Nc3 e6 3. e4 Bb4 4. e5 Nd5 5. Qg4 Bf8 6. Nxd5 exd5 7. Bg5 d6 8. Qg3 Qd7 9. O-O-O Qg4 10. Qe3 Be6 11. f3 Qh5 12. g4 Qg6 13. Bd3 f5 14. exd6 Kd7 15. dxc7 Nc6 16. Nh3 Re8 17. Bf4 Bf7 18. Bxf5+ Qxf5 19. Qxe8+ Bxe8 20. gxf5 Bh5 21. Rd3 Bd6 22. Bxd6 Kxd6 23. Nf4 Bf7 24. Rg1 Rg8 25. Ne6 Bxe6 26. fxe6 Kxc7 27. f4 Ne7 28. Rg5 g6 29. h4 Kd6 30. h5 Kxe6 31. hxg6 hxg6 32. Re5+ Kd6 33. Rg3 Rf8 34. Rg4 Rf6 35. c3 b5 36. Kd2 a6 37. Ke3 Nc6 38. Re8 Ne7 39. Ra8 Kd7 40. Rg5 Nf5+ 41. Kd3 Rd6 42. Rg8 Ne7 43. Rg7 Ke8 44. Re5 Rd7 45. Rxg6 Kf7 46. Rxa6 Rc7 47. Rb6 1-0

[Event "Ste-Foy 4 2024-25"]
[Site "Sainte-Foy CAN"]
[Date "2025.02.24"]
[Round "1"]
[White "Tremblay, Charles"]
[Black "Cantin, Guillaume"]
[Result "1/2-1/2"]
[ECO "A46"]
[WhiteElo "1503"]
[BlackElo "1163"]
[WhiteFideId "-1"]
[WhiteFideId "-1"]
[PlyCount "51"]
[GameId "2149659239907438"]
[EventDate "2025.02.24"]
[EventType "swiss"]
[EventRounds "5"]
[EventCountry "CAN"]
[TimeControl "5400+30"]

1. d4 Nf6 2. Bf4 c5 3. e3 cxd4 4. exd4 e6 5. Nf3 d5 6. Nbd2 Be7 7. Be2 h6 8. c3 O-O 9. O-O Nbd7 10. Ne5 Ne8 11. Ndf3 Nxe5 12. Nxe5 Bd6 13. Re1 Qc7 14. Rc1 f6 15. Ng6 Bxf4 16. Nxf8 Bxh2+ 17. Kh1 Kxf8 18. Bg4 Bf4 19. Rc2 e5 20. Bxc8 Rxc8 21. g3 Bg5 22. dxe5 fxe5 23. Qxd5 Qc6 24. Qxc6 Rxc6 25. Rxe5 Bf6 26. Re3 1/2-1/2

[Event "Ste-Foy 4 2024-25"]
[Site "Sainte-Foy CAN"]
[Date "2025.03.03"]
[Round "2"]
[White "Lebel, Michel"]
[Black "Boudreault, Alexandre"]
[Result "1-0"]
[ECO "C58"]
[WhiteElo "1025"]
[BlackElo "1130"]
[WhiteFideId "-1"]
[WhiteFideId "-1"]
[PlyCount "67"]
[GameId "2153228012781676"]
[EventDate "2025.02.24"]
[EventType "swiss"]
[EventRounds "5"]
[EventCountry "CAN"]
[TimeControl "5400+30"]

1. e4 e5 2. Nf3 Nc6 3. Bc4 Nf6 4. Ng5 d5 5. exd5 Na5 6. d3 Nxc4 7. dxc4 Bd6 8. Nc3 O-O 9. Qd3 g6 10. Nge4 Bf5 11. Bg5 Be7 12. Bh6 Re8 13. O-O Nxe4 14. Nxe4 Qc8 15. Rfe1 Rd8 16. Qg3 Re8 17. Qxe5 f6 18. Qd4 Bxe4 19. Rxe4 Qd7 20. Rae1 Bf8 21. Bxf8 Rxf8 22. b3 b6 23. Re7 Qd6 24. R1e6 Qa3 25. h3 Qc1+ 26. Kh2 Qg5 27. Rxc7 Rf7 28. d6 Rd8 29. Rce7 Kg7 30. Re8 Rdd7 31. R8e7 Kh6 32. Rxd7 Rxd7 33. Re7 Qf5 34. Qh4+ 1-0

[Event "Ste-Foy 4 2024-25"]
[Site "Sainte-Foy CAN"]
[Date "2025.03.03"]
[Round "2"]
[White "Soubeyrand, Maxence"]
[Black "Breton, Sylvain"]
[Result "1-0"]
[ECO "D10"]
[WhiteElo "1063"]
[BlackElo "1247"]
[WhiteFideId "-1"]
[WhiteFideId "-1"]
[PlyCount "144"]
[GameId "2153228014596205"]
[EventDate "2025.02.24"]
[EventType "swiss"]
[EventRounds "5"]
[EventCountry "CAN"]
[TimeControl "5400+30"]

1. d4 c5 2. c3 cxd4 3. cxd4 d5 4. Bf4 g6 5. e3 Bg7 6. Nf3 Nf6 7. h3 Nbd7 8. Bd3 O-O 9. O-O Nh5 10. Bh2 Re8 11. Nc3 Nb6 12. Rc1 Be6 13. Nb5 Nc4 14. Bxc4 dxc4 15. Nc7 Qd7 16. Nxa8 Rxa8 17. Ne5 Qb5 18. Qe2 Bxe5 19. Bxe5 Qd7 20. Rfd1 b5 21. Rd2 f6 22. Bh2 Ng7 23. d5 Rd8 24. Rcd1 Bf7 25. e4 Qb7 26. f3 Ne8 27. Rc1 Rc8 28. Rdc2 e6 29. dxe6 Bxe6 30. b3 Qb6+ 31. Qf2 Qa5 32. bxc4 bxc4 33. Qe1 Qb6+ 34. Kh1 Kf7 35. Bg1 Qb7 36. Rb1 Qa6 37. Qf2 Rc7 38. Rb8 Qc6 39. Rbb2 Nd6 40. Bh2 Rd7 41. Bxd6 Qxd6 42. Rd2 Qa3 43. Rxd7+ Bxd7 44. Rb7 Ke6 45. Qxa7 Qc1+ 46. Kh2 Qf4+ 47. Kh1 Qc1+ 48. Qg1 Qd2 49. Qb6+ Ke7 50. Qc5+ Qd6 51. Qxd6+ Kxd6 52. Kg1 c3 53. Rb1 Kc5 54. Rc1 Kc4 55. Kf1 Ba4 56. Ke1 Kd3 57. g4 c2 58. h4 Ke3 59. h5 Kxf3 60. Kd2 Kxe4 61. Rxc2 Bxc2 62. Kxc2 f5 63. gxf5 gxf5 64. Kd2 f4 65. Ke2 Kf5 66. a4 Kg4 67. Kf2 Kxh5 68. a5 Kg4 69. a6 h5 70. a7 h4 71. a8=Q h3 72. Qg8+ Kf5 1-0

[Event "Ste-Foy 4 2024-25"]
[Site "Sainte-Foy CAN"]
[Date "2025.03.10"]
[Round "3"]
[White "Savard, Alexandre"]
[Black "Wafer, Jacques"]
[Result "1-0"]
[ECO "D00"]
[WhiteElo "1779"]
[BlackElo "1440"]
[WhiteFideId "-1"]
[WhiteFideId "-1"]
[PlyCount "49"]
[GameId "2154981877506119"]
[EventDate "2025.02.24"]
[EventType "swiss"]
[EventRounds "5"]
[EventCountry "CAN"]
[TimeControl "5400+30"]

1. d4 Nf6 2. Nc3 d5 3. Bf4 a6 4. e3 Bf5 5. Bd3 Bxd3 6. cxd3 e6 7. Qb3 b6 8. Nf3 Nh5 9. Bg5 f6 10. Bh4 g5 11. g4 gxh4 12. gxh5 Rg8 13. e4 c6 14. O-O-O Bh6+ 15. Kb1 Ra7 16. Rde1 Rd7 17. exd5 cxd5 18. Rxe6+ Kf7 19. Qxb6 Qxb6 20. Rxb6 Bf4 21. Re1 Rd6 22. Rxd6 Bxd6 23. Nxd5 Rg2 24. Rf1 Bxh2 25. Ne3 1-0

[Event "Ste-Foy 4 2024-25"]
[Site "Sainte-Foy CAN"]
[Date "2025.03.17"]
[Round "4"]
[White "Pepin, Pierre-Luc"]
[Black "Soubeyrand, Maxence"]
[Result "0-1"]
[ECO "D04"]
[WhiteElo "1059"]
[BlackElo "1063"]
[WhiteFideId "-1"]
[WhiteFideId "-1"]
[PlyCount "58"]
[GameId "2157618672238849"]
[EventDate "2025.02.24"]
[EventType "swiss"]
[EventRounds "5"]
[EventCountry "CAN"]
[TimeControl "5400+30"]

1. d4 d5 2. Nf3 Nf6 3. e3 g6 4. Nbd2 Bg7 5. c3 O-O 6. Bd3 Nbd7 7. Qc2 Re8 8. h3 e5 9. dxe5 Nxe5 10. Nxe5 Rxe5 11. Nf3 Re8 12. b3 Ne4 13. Bb2 Qf6 14. Rc1 c6 15. O-O Bf5 16. Nd4 Bd7 17. Rfe1 Re5 18. c4 Bxh3 19. Nf3 Ng5 20. Bxe5 Nxf3+ 21. gxf3 Qxf3 22. Bf1 Bxe5 23. Bxh3 Qxh3 24. f4 Bc7 25. cxd5 Bb6 26. Qc3 Re8 27. Kf2 cxd5 28. Rcd1 Rc8 29. Qe5 Rc2+ 0-1

[Event "Ste-Foy 4 2024-25"]
[Site "Sainte-Foy CAN"]
[Date "2025.03.24"]
[Round "5"]
[White "Breton, Sylvain"]
[Black "Pepin, Pierre-Luc"]
[Result "1-0"]
[ECO "C00"]
[WhiteElo "1247"]
[BlackElo "1059"]
[WhiteFideId "-1"]
[WhiteFideId "-1"]
[PlyCount "51"]
[GameId "2160154955680714"]
[EventDate "2025.02.24"]
[EventType "swiss"]
[EventRounds "5"]
[EventCountry "CAN"]
[TimeControl "5400+30"]

1. e4 e6 2. Nc3 Nf6 3. Bc4 d5 4. e5 dxc4 5. exf6 Qxf6 6. Qe2 c6 7. Qxc4 b6 8. Nge2 Bb7 9. b3 Bc5 10. Ne4 Qxa1 11. N4c3 Ba3 12. O-O Bxc1 13. Rxc1 Qb2 14. Qg4 Qa3 15. Qxg7 Qf8 16. Qe5 Na6 17. Nf4 O-O-O 18. Re1 Rxd2 19. Ne4 Rxc2 20. Nxe6 fxe6 21. Qxe6+ Kb8 22. Nf6 Bc8 23. Qe5+ Nc7 24. a4 Be6 25. Rd1 Bxb3 26. Nd7+ 1-0

[Event "Ste-Foy 4 2024-25"]
[Site "Sainte-Foy CAN"]
[Date "2025.03.24"]
[Round "5"]
[White "Couture, Francois"]
[Black "Tremblay, Charles"]
[Result "1-0"]
[ECO "E52"]
[WhiteElo "1268"]
[BlackElo "1503"]
[WhiteFideId "-1"]
[WhiteFideId "-1"]
[PlyCount "95"]
[GameId "2160154955680712"]
[EventDate "2025.02.24"]
[EventType "swiss"]
[EventRounds "5"]
[EventCountry "CAN"]
[TimeControl "5400+30"]

1. d4 e6 2. c4 d5 3. Nf3 Nf6 4. Nc3 Bb4 5. e3 Nbd7 6. Bd3 O-O 7. O-O Bxc3 8. bxc3 b6 9. Re1 Bb7 10. cxd5 Nxd5 11. Qc2 f5 12. Bd2 Rc8 13. c4 N5f6 14. Qb3 Kh8 15. Rac1 Ne4 16. Bc3 Nxc3 17. Qxc3 Qf6 18. e4 Qg6 19. Qc2 fxe4 20. Bxe4 Bxe4 21. Qxe4 Qxe4 22. Rxe4 Rf6 23. Rce1 Re8 24. Ng5 Nf8 25. d5 h6 26. Nxe6 Nxe6 27. Rxe6 Rfxe6 28. Rxe6 Rxe6 29. dxe6 Kg8 30. f4 g6 31. g4 Kf8 32. f5 gxf5 33. gxf5 Ke7 34. Kg2 a6 35. Kf3 Kf6 36. Ke4 c6 37. a4 h5 38. Kd4 h4 39. Kc3 Ke7 40. Kb4 h3 41. c5 b5 42. axb5 axb5 43. Kc3 Kf6 44. Kd4 Ke7 45. Ke5 Ke8 46. f6 b4 47. f7+ Kf8 48. Kd4 1-0

[Event "Ste-Foy 4 2024-25"]
[Site "Sainte-Foy CAN"]
[Date "2025.03.24"]
[Round "5"]
[White "Renzo, Alain"]
[Black "Lebel, Michel"]
[Result "1-0"]
[ECO "A45"]
[WhiteElo "1295"]
[BlackElo "1025"]
[WhiteFideId "-1"]
[WhiteFideId "-1"]
[PlyCount "101"]
[GameId "2160154955680713"]
[EventDate "2025.02.24"]
[EventType "swiss"]
[EventRounds "5"]
[EventCountry "CAN"]
[TimeControl "5400+30"]

1. e4 e6 2. d4 Nf6 3. Nc3 Bb4 4. Nge2 Nxe4 5. Bd2 Nxd2 6. Qxd2 O-O 7. a3 Ba5 8. b4 Bb6 9. Na4 d5 10. Nxb6 axb6 11. Ng3 Nc6 12. Be2 e5 13. dxe5 Nxe5 14. O-O Bd7 15. Qxd5 Re8 16. Qd2 c5 17. c3 cxb4 18. cxb4 Rc8 19. Rfc1 Rc6 20. f4 Ng6 21. Bf3 Rf6 22. Rc4 b5 23. Rd4 Qb6 24. Kh1 Bc6 25. Bxc6 bxc6 26. Rd1 Kf8 27. f5 Ne7 28. Qg5 h6 29. Qg4 g5 30. fxg6 Rxg6 31. Qf3 Nd5 32. Ne4 Rge6 33. Nc5 Qd8 34. Nxe6+ Rxe6 35. Rf1 f6 36. Qh5 Qe7 37. Qxh6+ Ke8 38. Qd2 Re2 39. Qc1 Ne3 40. Rg1 Nxg2 41. Qxc6+ Kf7 42. Qd5+ Kf8 43. Qd8+ Kf7 44. Qxe7+ Rxe7 45. Rxg2 Re3 46. Ra2 Re5 47. Kg2 Ke6 48. Rad2 f5 49. Rd6+ Ke7 50. Rd7+ Ke6 51. R2d6# 1-0

[Event "Ste-Foy 5 2024-25"]
[Site "Quebec CAN"]
[Date "2025.04.28"]
[Round "3"]
[White "Dussault, Michael"]
[Black "Couture, Francois"]
[Result "1-0"]
[ECO "D00"]
[WhiteElo "1318"]
[BlackElo "1240"]
[WhiteFideId "-1"]
[WhiteFideId "-1"]
[PlyCount "125"]
[GameId "2173083677286477"]
[EventDate "2025.04.07"]
[EventType "swiss"]
[EventRounds "5"]
[EventCountry "CAN"]
[TimeControl "5400+30"]

1. d4 d5 2. Bf4 Nf6 3. h3 e6 4. e3 c5 5. Nf3 Nc6 6. Bb5 Bd6 7. Bxd6 Qxd6 8. Nbd2 O-O 9. O-O Bd7 10. Be2 c4 11. c3 Rfe8 12. Qc2 e5 13. dxe5 Nxe5 14. e4 Bc6 15. exd5 Bxd5 16. Nxe5 Rxe5 17. Bxc4 Rg5 18. Bxd5 Qxd5 19. f3 Re8 20. Rf2 Rge5 21. Nf1 Qc5 22. Kh1 Nd5 23. Ng3 R8e6 24. Ne4 Qe7 25. Qd2 h6 26. Qd4 b6 27. Rd1 f5 28. Ng3 Qg5 29. Kh2 f4 30. Ne4 Qf5 31. c4 Nf6 32. Qd8+ Kh7 33. Nxf6+ Rxf6 34. Qd3 Qxd3 35. Rxd3 a6 36. b4 Re1 37. Rfd2 Ree6 38. Rd5 Rc6 39. R2d4 Kg8 40. a4 Kf7 41. Rd7+ Kg6 42. R7d5 Kf7 43. Re4 g5 44. b5 axb5 45. axb5 Rcd6 46. Rxd6 Rxd6 47. Kg1 Re6 48. Rd4 Ke7 49. Kf2 Rd6 50. Rxd6 Kxd6 51. Ke2 h5 52. Kd3 Ke5 53. Kc3 h4 54. Kd3 Kf5 55. Kd4 g4 56. hxg4+ Kg5 57. c5 bxc5+ 58. Kxc5 h3 59. gxh3 Kh4 60. b6 Kg3 61. b7 Kxf3 62. b8=Q Ke3 63. g5 1-0

[Event "Ste-Foy 5 2024-25"]
[Site "Quebec CAN"]
[Date "2025.04.28"]
[Round "3"]
[White "Lebel, Michel"]
[Black "Deschenes, Andre-Philippe"]
[Result "0-1"]
[ECO "C00"]
[WhiteElo "1025"]
[BlackElo "1162"]
[WhiteFideId "-1"]
[WhiteFideId "-1"]
[PlyCount "100"]
[GameId "2173083675054155"]
[EventDate "2025.04.07"]
[EventType "swiss"]
[EventRounds "5"]
[EventCountry "CAN"]
[TimeControl "5400+30"]

1. e4 e6 2. Nf3 d5 3. Nc3 Nf6 4. d3 Bb4 5. Bd2 O-O 6. a3 Be7 7. Be3 c5 8. Bf4 Qb6 9. Na4 Qa5+ 10. Nc3 d4 11. b4 cxb4 12. axb4 Qxb4 13. Nxd4 Qxc3+ 14. Bd2 Qxd4 15. Be2 Nc6 16. O-O b6 17. c3 Qd7 18. h3 a5 19. Be3 Rb8 20. Qc2 Ba6 21. Rfb1 Qb7 22. Bf4 e5 23. Be3 Rfc8 24. Qd1 Rd8 25. Rb2 Nd7 26. Rab1 Bc5 27. Bg5 f6 28. Qb3+ Kh8 29. Bh4 Nf8 30. Rd2 b5 31. Qc2 Ng6 32. Bg3 Qa7 33. Qd1 b4 34. c4 Nd4 35. Bg4 Bc8 36. Bxc8 Rdxc8 37. Ra1 Ra8 38. Rda2 b3 39. Rxa5 Qb7 40. Qb1 Rxa5 41. Rxa5 Ne2+ 42. Kf1 Nxg3+ 43. fxg3 Qd7 44. Qxb3 Rd8 45. Ke2 Qd4 46. Ra2 Qe3+ 47. Kd1 Rxd3+ 48. Qxd3 Qxd3+ 49. Rd2 Qb3+ 50. Kc1 Be3 0-1

[Event "Ste-Foy 5 2024-25"]
[Site "Quebec CAN"]
[Date "2025.04.28"]
[Round "3"]
[White "Lizotte, Olivier"]
[Black "Poitras, Marc"]
[Result "0-1"]
[ECO "B07"]
[WhiteElo "1200"]
[BlackElo "1351"]
[WhiteFideId "-1"]
[WhiteFideId "-1"]
[PlyCount "88"]
[GameId "2173083677286478"]
[EventDate "2025.04.07"]
[EventType "swiss"]
[EventRounds "5"]
[EventCountry "CAN"]
[TimeControl "5400+30"]

1. e4 d6 2. d4 Nf6 3. Nc3 g6 4. g3 Bg7 5. Bg2 O-O 6. Nge2 e5 7. dxe5 dxe5 8. O-O Nc6 9. b3 Bg4 10. Bg5 b5 11. h3 Qxd1 12. Rfxd1 Bxe2 13. Nxe2 Nb4 14. Bxf6 Bxf6 15. Rd7 Rac8 16. c3 Na6 17. b4 Rfd8 18. Rad1 c5 19. a3 Nb8 20. Rxd8+ Rxd8 21. Rxd8+ Bxd8 22. f4 f6 23. h4 Nd7 24. Bh3 Nb6 25. bxc5 Nc4 26. Bc8 Nxa3 27. Ba6 Kf7 28. c6 Ke7 29. Nc1 Ba5 30. Na2 Kd6 31. Bb7 Kc5 32. Kf2 Kc4 33. Ke2 Nb1 34. Kd1 Nxc3+ 35. Nxc3 Kxc3 36. fxe5 fxe5 37. g4 g5 38. hxg5 Bd8 39. Kc1 Bxg5+ 40. Kd1 Bd8 41. g5 b4 42. Bc8 b3 43. Kc1 Bxg5+ 44. Kb1 Bd8 0-1

[Event "Ste-Foy 5 2024-25"]
[Site "Quebec CAN"]
[Date "2025.04.28"]
[Round "3"]
[White "Pepin, Pierre-Luc"]
[Black "Wafer, Jacques"]
[Result "0-1"]
[ECO "A46"]
[WhiteElo "1010"]
[BlackElo "1402"]
[WhiteFideId "-1"]
[WhiteFideId "-1"]
[PlyCount "74"]
[GameId "2173083677286476"]
[EventDate "2025.04.07"]
[EventType "swiss"]
[EventRounds "5"]
[EventCountry "CAN"]
[TimeControl "5400+30"]

1. d4 Nf6 2. Nf3 e6 3. c3 h6 4. e3 b6 5. g3 d6 6. Bg2 Bb7 7. O-O Be7 8. Nbd2 O-O 9. b3 Nbd7 10. Bb2 Rb8 11. Rc1 c5 12. Re1 Nh7 13. Bf1 Qc7 14. Qc2 Qc6 15. Bg2 Ng5 16. Nh4 Qc8 17. Nhf3 d5 18. Bf1 Nf6 19. h4 Nxf3+ 20. Nxf3 Bd6 21. Re2 Ba6 22. Rd2 Bxf1 23. Rxf1 c4 24. b4 b5 25. Re2 Ne4 26. Nd2 f5 27. Nxe4 fxe4 28. Kg2 Rf3 29. Qd1 Qc7 30. Kg1 Rbf8 31. Qe1 R8f6 32. Bc1 Rg6 33. Bb2 Bxg3 34. fxg3 Rgxg3+ 35. Rg2 Rh3 36. Qe2 Qf7 37. Rgf2 Qg6+ 0-1

[Event "Ste-Foy 5 2024-25"]
[Site "Quebec CAN"]
[Date "2025.05.05"]
[Round "4"]
[White "Couture, Francois"]
[Black "Pepin, Pierre-Luc"]
[Result "0-1"]
[ECO "D24"]
[WhiteElo "1240"]
[BlackElo "1010"]
[WhiteFideId "-1"]
[WhiteFideId "-1"]
[PlyCount "64"]
[GameId "2174969458512030"]
[EventDate "2025.04.07"]
[EventType "swiss"]
[EventRounds "5"]
[EventCountry "CAN"]
[TimeControl "5400+30"]

1. d4 d5 2. c4 e6 3. Nf3 Nf6 4. Nc3 c5 5. Bg5 dxc4 6. e4 Be7 7. Bxc4 cxd4 8. Nxd4 Qb6 9. Rb1 Bc5 10. Be3 O-O 11. Na4 Qb4+ 12. Nc3 Qxc4 13. Qd2 Rd8 14. b3 Qb4 15. Rd1 e5 16. Ncb5 Rd7 17. O-O Qxd2 18. Rxd2 a6 19. Rc1 Nxe4 20. Rd3 Nc6 21. f3 axb5 22. fxe4 Bxd4 23. Bxd4 Nxd4 24. Kf2 Rxa2+ 25. Kf1 Rd8 26. Rdc3 Be6 27. b4 Ne2 28. R3c2 Nxc1 29. Rxc1 Bc4+ 30. Kg1 Rdd2 31. h3 Rxg2+ 32. Kh1 Rh2+ 0-1